AoeStats
← AOKI_GworK

Arabia

508428032Analyzed
1v1 RM · 10d ago on Sep 22, 2026· 42m 57s· 2 players
Game mode
Random Map
Map size
Tiny (2 player)
Population
200
Speed
Normal
Resources
Standard
Victory
Conquest
Starting age
Dark Age
Ending age
Imperial Age
RankedLock teamsTeams togetherTeam positionsShared explorationLock speedFull tech treeHidden civsTurbo modeCheats
Victory
Defeat
🇨🇳 Poles · China
1864
+17
🇫🇷 Goths · France
1880
-17
W4 Vipor
7:30 Loom
10:26 Feudal Age
10:56 Horse Collar
11:02 Double-Bit Axe
18:11 Fletching
22:27 Scale Barding Armor
24:04 Bloodlines
24:48 Forging
29:10 Castle Age
28:03 Stone Mining
28:32 Scale Mail Armor
29:54 Wheelbarrow
30:08 Heavy Plow
30:18 Bow Saw
30:07 Bodkin Arrow
30:30 Husbandry
31:30 Szlachta Privileges
36:40 Chain Barding Armor
37:44 Chain Mail Armor
37:31 Squires
38:47 Iron Casting
43:11 Arson
46:06 Imperial Age
AOKI_GworK
6:33 Loom
9:13 Feudal Age
9:20 Man-at-Arms
15:31 Double-Bit Axe
17:34 Fletching
18:22 Scale Mail Armor
26:11 Castle Age
24:51 Scale Barding Armor
25:36 Bloodlines
34:13 Bow Saw
34:36 Gold Mining
36:21 Wheelbarrow
38:52 Chain Barding Armor
40:07 Forging
40:01 Pikeman
43:19 Iron Casting
Connection lost

Rejoining the realm…

Still unreachable

The connection could not be restored.

Session expired

The server has moved on; the page needs a fresh start.